 Dungeon Crawl Stone Soup version 0.28-a0-750-g7c675f85b1 (webtiles) character file.

Game seed: 14526229106208054006

4168 ytrimaz the Protected (level 10, 0/74 HPs)
             Began as a Demonspawn Gladiator on Oct 29, 2021.
             Was a Follower of Makhleb.
             Slain by a killer bee (3 damage)
             ... on level 8 of the Dungeon.
             The game lasted 00:13:11 (10973 turns).

ytrimaz the Protected (Demonspawn Gladiator)       Turns: 10973, Time: 00:13:12

Health: 0/74       AC: 19    Str: 15 (17) XL:     10   Next: 7%
Magic:  11/11      EV:  9    Int: 10 (11) God:    Makhleb [*.....]
Gold:   788        SH:  0    Dex: 13 (14) Spells: 9/9 levels left

rFire   + . .      SeeInvis +   c - +1 long sword (vamp)
rCold   + . .      Faith    .   (no shield)
rNeg    . . .      Spirit   .   g - +0 plate armour
rPois   +          Reflect  .   (helmet unavailable)
rElec   +          Harm     .   l - +0 cloak
rCorr   +          Rampage  +   h - +0 pair of gloves
Will    .....                   m - +2 pair of boots {rampage}
Stlth   ..........              (no amulet)
HPRegen 0.22/turn               (no ring)
MPRegen 0.12/turn               (no ring)

@: lethally poisoned (0 -> -6), resistant
A: antennae 3, repulsion field 2, ignite blood 1, powered by death 2
a: Renounce Religion


You were on level 8 of the Dungeon.
You worshipped Makhleb.
Makhleb was aware of your devotion.
You visited 2 branches of the dungeon, and saw 9 of its levels.

You collected 1374 gold pieces.
You spent 586 gold pieces at shops.

Inventory:

Hand Weapons
 a - a +0 war axe
 c - a +1 vampiric long sword (weapon)
 t - a +4 vorpal great sword
Missiles
 d - 5 throwing nets (quivered)
Armour
 g - a +0 plate armour (worn)
 h - a +0 pair of gloves (worn)
 j - a +2 scale mail of fire resistance
 l - a +0 cloak (worn)
 m - a +2 pair of boots of rampaging (worn)
Jewellery
 f - a ring of fire
 u - a ring of flight
Wands
 w - a wand of acid (6)
Scrolls
 e - a scroll of amnesia
 n - a scroll of magic mapping
 p - 2 scrolls of blinking
 q - a scroll of enchant weapon
Potions
 b - 4 potions of mutation
 k - a potion of flight {unknown}


   Skills:
 + Level 5.1 Fighting
 * Level 7.9 Long Blades
 - Level 5.4 Axes
 - Level 1.7 Throwing
 * Level 8.4 Armour
 - Level 2.6 Dodging
 * Level 2.0 Invocations


You had 9 spell levels left.
You didn't know any spells.
Your spell library contained the following spells:

 Spells                   Type           Power      Damage    Failure   Level
 Animate Skeleton         Necr           0%         N/A       100%        1
 Pain                     Necr           0%         1d4       100%        1
 Summon Small Mammal      Summ           0%         N/A       100%        1
 Sublimation of Blood     Necr           0%         N/A       100%        2
 Wereblood                Tmut           0%         N/A       100%        2
 Call Canine Familiar     Summ           0%         N/A       100%        3
 Summon Guardian Golem    Hex/Summ       0%         N/A       100%        3
 Vampiric Draining        Necr           0%         2d6       100%        3
 Summon Hydra             Summ           0%         N/A       100%        7


Dungeon Overview and Level Annotations

Branches:
Dungeon (8/15)             Temple (1/1) D:6
   Lair: D:8-11

Altars:
Ashenzari
Cheibriados
Dithmenos
Fedhas
Hepliaklqana
Makhleb
Nemelex Xobeh
Okawaru
Qazlal
Ru
Sif Muna
Trog
Uskayaw
Vehumet
Wu Jian
Xom
Yredelemnul
Zin

Shops:
D:2 *   D:6 !(*[   D:7 (

Annotations:
D:6 1 runed translucent door, Shploik's ghost, novice GnFi


Innate Abilities, Weirdness & Mutations

You have a pair of large antennae on your head. (SInv)
You are surrounded by a moderate repulsion field. (EV +3)
Your demonic aura sometimes causes spilled blood to erupt in flames.
You regenerate health from kills.


Message History

The killer bee closely misses you. x2; The killer bee barely misses you.
The killer bee stings you but does no damage.
The killer bee barely misses you.
The killer bee stings you but does no damage.
The killer bee barely misses you.
You feel protected.
You feel sick. The killer bee stings you.
The killer bee stings you but does no damage. x6
The killer bee stings you.
You closely miss the killer bee.
The killer bee is heavily wounded.
You feel sick. The killer bee barely misses you. The killer bee stings you.
* * * LOW HITPOINT WARNING * * *
The killer bee closely misses you. The killer bee completely misses you.
The killer bee stings you but does no damage.
The killer bee closely misses you.
The killer bee stings you but does no damage.
The killer bee stings you.
* * * LOW HITPOINT WARNING * * *
You feel sick.
You are no longer poisoned.
The killer bee stings you but does no damage.
The killer bee barely misses you.
The killer bee stings you but does no damage. x3
The killer bee barely misses you. The killer bee completely misses you.
The killer bee stings you.
* * * LOW HITPOINT WARNING * * *
The killer bee stings you.
* * * LOW HITPOINT WARNING * * *
You are poisoned.
The killer bee poisons you!
The killer bee stings you but does no damage. x2
* * * LOW HITPOINT WARNING * * *
You feel very sick.
The killer bee stings you but does no damage. x2
The killer bee stings you.
* * * LOW HITPOINT WARNING * * *
* * * LOW HITPOINT WARNING * * *
You feel sick. The killer bee stings you.
You die...

#. #.# #....+ {
..#.+ { ### ...+{{
#.. ####.### #.#
#$!'...## #.#
#$#'.#..####.#
#($'...yyy##.#######
####.##y.y@........#
#.##.#.##.#####.#
###....##.# #.#
#....##.# #.#
#....##.#####.#
............##.#
................# #
#.#######........#
## #. ##.......##
##.


You could see 5 killer bees.

Vanquished Creatures
  Grinder (D:3)
  Sigmund (D:7)
  A wyvern (D:5)
  5 yaks
  Edmund (D:7)
  Duvessa (D:7)
  2 water moccasins
  An orc warrior (D:6)
  2 ice beasts
  3 sky beasts
  2 black bears
  An ogre (D:7)
  2 phantoms
  2 kobold brigands (D:7)
  5 bullfrogs
  2 scorpions (D:6)
  Dowan (D:7)
  2 water moccasin zombies (D:5)
  2 water moccasin skeletons
  A howler monkey (D:5)
  2 hounds
  A jelly (D:5)
  2 centaur skeletons (D:7)
  4 iguanas
  6 orc wizards
  A killer bee zombie (D:4)
  A howler monkey zombie (D:8)
  5 gnolls
  7 adders
  A white imp (D:6)
  2 ufetubi
  A worm (D:3)
  2 dart slugs
  29 orcs
  11 ball pythons
  2 bats (D:1)
  12 endoplasms
  3 giant cockroaches
  8 goblins
  8 hobgoblins
  2 jackals (D:4)
  3 quokkas
  2 frilled lizards
  18 kobolds
  3 rats
174 creatures vanquished.

Vanquished Creatures (others)
  3 plants (D:6)
3 creatures vanquished.

Grand Total: 177 creatures vanquished

Notes
Turn   | Place    | Note
-------+----------+-------------------------------------------
     0 | D:1      | ytrimaz the Demonspawn Gladiator began the quest for the
                  | Orb.
     0 | D:1      | Reached XP level 1. HP: 16/16 MP: 1/1
   348 | D:1      | Gained mutation: You regenerate a little health from kills.
                  | [demonic ancestry]
   348 | D:1      | Reached XP level 2. HP: 22/22 MP: 2/2
   577 | D:1      | Reached skill level 1 in Armour
   629 | D:1      | Found a faded altar of an unknown god.
  1090 | D:2      | Found Unynwits's Assorted Antiques.
  1108 | D:2      | Gained mutation: You are surrounded by a mild repulsion
                  | field. (EV +2) [demonic ancestry]
  1108 | D:2      | Reached XP level 3. HP: 18/27 MP: 3/3
  2750 | D:3      | Gained mutation: Your demonic aura sometimes causes spilled
                  | blood to erupt in flames. [demonic ancestry]
  2750 | D:3      | Reached XP level 4. HP: 28/34 MP: 4/4
  3024 | D:3      | Reached skill level 2 in Armour
  3087 | D:3      | Noticed Grinder
  3116 | D:3      | Paralysed by Grinder for 2 turns
  3125 | D:3      | Paralysed by Grinder for 3 turns
  3131 | D:3      | Killed Grinder
  3132 | D:3      | Reached skill level 3 in Armour
  3132 | D:3      | Gained mutation: You are surrounded by a moderate repulsion
                  | field. (EV +3) [demonic ancestry]
  3132 | D:3      | Reached XP level 5. HP: 17/40 MP: 5/5
  3132 | D:3      | Gained mutation: You have a pair of small antennae on your
                  | head. [demonic ancestry]
  3132 | D:3      | Reached XP level 6. HP: 20/46 MP: 6/6
  3338 | D:3      | You fall into a shaft and drop 3 floors!
  3338 | D:6      | Noticed a wyvern
  3338 | D:6      | Noticed a sky beast
  3338 | D:6      | Found an iron altar of Okawaru.
  3338 | D:6      | Found Yrorest's General Store.
  3342 | D:5      | Entered Level 5 of the Dungeon
  3399 | D:5      | Reached skill level 5 in Axes
  3430 | D:5      | Reached skill level 4 in Armour
  3432 | D:5      | Gained mutation: You have a pair of antennae on your head.
                  | [demonic ancestry]
  3432 | D:5      | Reached XP level 7. HP: 52/52 MP: 7/7
  3843 | D:4      | Reached skill level 1 in Long Blades
  4333 | D:4      | Reached skill level 5 in Armour
  5319 | D:4      | Gained mutation: You regenerate health from kills. [demonic
                  | ancestry]
  5319 | D:4      | Reached XP level 8. HP: 45/59 MP: 8/8
  6394 | D:5      | Reached skill level 6 in Armour
  6936 | D:6      | Found a runed translucent door.
  6967 | D:6      | Found Cotz's Antique Armour Boutique.
  7250 | D:6      | Found a shimmering altar of Xom.
  7250 | D:6      | Noticed Shploik's ghost (novice GnFi)
  7251 | D:6      | Noticed a +0 mace of chaos
  7277 | D:6      | Found a hide-covered altar of Uskayaw.
  7307 | D:6      | Reached skill level 5 in Long Blades
  7620 | D:6      | Found a staircase to the Ecumenical Temple.
  7642 | Temple   | Entered the Ecumenical Temple
  7829 | Temple   | Became a worshipper of Makhleb the Destroyer
  7873 | D:6      | Reached skill level 7 in Armour
  7873 | D:6      | Gained mutation: You have a pair of large antennae on your
                  | head. (SInv) [demonic ancestry]
  7873 | D:6      | Reached XP level 9. HP: 53/66 MP: 9/9
  7929 | D:6      | Found Tuwnoq's Antique Weapon Boutique.
  7937 | D:6      | Bought a glowing great sword for 180 gold pieces
  8010 | D:6      | Found Yxiehog's Distillery.
  8069 | D:6      | Identified a scroll of acquirement
  8077 | D:6      | Acquired 969 gold pieces
  8311 | D:6      | Bought a shiny scale mail for 196 gold pieces
  8311 | D:6      | Bought a pair of embroidered boots for 210 gold pieces
  8755 | D:7      | Found a broken altar of Ashenzari.
  8835 | D:7      | Reached * piety under Makhleb
  8922 | D:7      | Found a sparkling altar of Nemelex Xobeh.
  9476 | D:7      | Found a blossoming altar of Fedhas.
  9568 | D:7      | Noticed Edmund
  9568 | D:7      | Noticed Sigmund
  9572 | D:7      | Killed Sigmund
  9974 | D:7      | Killed Edmund
 10226 | D:7      | Noticed Duvessa
 10227 | D:7      | Noticed Dowan
 10236 | D:7      | Killed Duvessa
 10249 | D:7      | Found Ewuephy's Weapon Emporium.
 10260 | D:7      | Killed Dowan
 10678 | D:7      | Reached skill level 8 in Armour
 10686 | D:7      | Reached skill level 5 in Fighting
 10686 | D:7      | Reached skill level 1 in Invocations
 10716 | D:8      | Reached XP level 10. HP: 53/74 MP: 11/11
 10973 | D:8      | HP: 3/74 [poisoned by a killer bee]
 10973 | D:8      | Slain by a killer bee

Illustrated notes

Levels and vault maps discovered:
D:1:      tarquinn_simple_flora_water_b, layout_loops_ring,
          hellmonk_ecumenical_altar_inner_sanctum
D:2:      layout_loops_corners, serial_shops, nicolae_shop_behind_doors
D:3:      layout_basic, hangedman_glass_teeth, uniq_grinder
D:4:      layout_loops_ring, minmay_diced_spiral
D:5:      layout_rooms
D:6:      layout_rooms, nicolae_uskayaw_dance_hall, okawaru_trees_1,
          minmay_temple_entry_overgrown, ebering_ghost_xom, serial_shops, shop,
          nicolae_square_shop, shop, nicolae_diamond_shop
D:7:      layout_cave_pods, nemelex_dance_club_becter,
          mainiacjoe_overflow_big_doors, serial_shops, shop,
          serial_column_ruins, column_ruins_open_small, column_ruins_open_large,
          column_ruins_columns_water, column_ruins_columns_straight,
          sigmund_edmund_badplayer, uniq_duvessa
D:8:      layout_loops_ring, lemuel_zombie_altar_kikubaaqudgha,
          mainiacjoe_overflow_brackets, mainiacjoe_overflow_six_doors_small,
          serial_shops, nicolae_shop_trees, eino_jars
Temple:   minmay_temple_bridge_abc

Skill      XL: |  1  2  3  4  5  6  7  8  9 10 |
---------------+-------------------------------+-----
Axes           | 3 4 5 |  5.4
Armour         | 1 3 4 5 7 8 |  8.4
Fighting       | 3 4 5 |  5.1
Long Blades    | 3 5 7 |  7.9
Invocations    | 1 2 |  2.0
Throwing       | |  1.7
Dodging        | |  2.6

Action                   |  1- 3 |  4- 6 |  7- 9 | 10-12 || total
-------------------------+-------+-------+-------+-------++-------
Melee: War axe           |   116 |    83 |       |       ||   199
       Long sword        |       |       |   670 |    32 ||   702
  Use: Scroll            |     2 |       |    12 |       ||    14
       Potion            |       |     3 |     4 |     2 ||     9
Armor: Leather armour    |    10 |       |       |       ||    10
       Plate armour      |    76 |    83 |   551 |    71 ||   781
Dodge: Dodged            |    32 |    54 |   411 |    41 ||   538

Table legend: (Time is in decaauts)
 A = Elapsed time spent in this place.
 B = Non-inter-level travel time spent in this place.
 C = Inter-level travel time spent in this place.
 D = Time resting spent in this place.
 E = Time spent auto-exploring this place.
 F = Levels seen in this place.
 G = Mean time per level.
                   A        B        C        D        E       F      G
               +--------+--------+--------+--------+--------+-----+--------+
         Total |  11164 |  10741 |    423 |   2713 |   5920 |   9 | 1240.4 |
       Dungeon |  10952 |  10545 |    407 |   2713 |   5753 |   8 | 1369.0 |
        Temple |    211 |    195 |     16 |      0 |    167 |   1 |  211.0 |
               +--------+--------+--------+--------+--------+-----+--------+

Top non-repeatable levels by time:
     D:7: 2344 daAuts
     D:2: 1745 daAuts
     D:4: 1719 daAuts
     D:5: 1477 daAuts
     D:3: 1343 daAuts
     D:6: 1071 daAuts
     D:1: 952 daAuts
     D:8: 297 daAuts
  Temple: 211 daAuts
